 Dungeon Crawl Stone Soup version 0.27.0-1-g7a089689b8 (webtiles) character file.

Game seed: 16884325330344518203

36893 rogsnak the Destroyer (level 13, -4/88 HPs)
             Began as a Demonspawn Fire Elementalist on Aug 3, 2021.
             Was a High Priest of Sif Muna.
             Killed from afar by Jorgrun (40 damage)
             ... with an iron shot
             ... on level 15 of the Dungeon on Aug 5, 2021.
             The game lasted 01:04:40 (21246 turns).

rogsnak the Destroyer (DsFE)                       Turns: 21246, Time: 01:04:40

Health: -4/88      AC: 13    Str:  8    XL:     13   Next: 55%
Magic:  8/37       EV: 12    Int: 27    God:    Sif Muna [*****.]
Gold:   1043       SH:  0    Dex: 15    Spells: 14/34 levels left

rFire    . . .     SeeInvis .   n - +12 short sword "Demonspawn's Doom" {protect, rC+}
rCold    + . .     Faith    .   F - +1 buckler {AC+3}
rNeg     . . .     Spirit   .   a - +0 troll leather armour
rPois    .         Reflect  .   s - +0 helmet
rElec    .         Harm     .   V - +0 cloak
rCorr    .         Rampage  .   (gloves unavailable)
Will     .....                  B - +0 pair of boots
Stlth    +.........             J - amulet of regeneration
HPRegen  2.24/turn              q - ring of magical power
MPRegen  0.25/turn              W - +6 ring of intelligence

@: confused, about to teleport
A: claws 3, powered by death 2, sharp scales 2, demonic magic 1
a: Renounce Religion, Channel Magic, Forget Spell, Divine Exegesis


You were on level 15 of the Dungeon.
You worshipped Sif Muna.
Sif Muna was extremely pleased with you.
You visited 2 branches of the dungeon, and saw 16 of its levels.
You also visited: Sewer.

You collected 1043 gold pieces.

Inventory:

Hand Weapons
 n - the +12 short sword "Demonspawn's Doom" (weapon) {protect, rC+}
   (You found it on level 7 of the Dungeon)

   It grants its wielder temporary protection when it strikes (+7 to AC).
   rC:        It protects you from cold.
 K - a +1 short sword of electrocution
 R - a +2 demon trident of venom
Missiles
 l - 90 poisoned darts
 G - 2 throwing nets
 P - a curare-tipped dart
Armour
 a - a +0 troll leather armour (worn)
 s - a +0 helmet (worn)
 B - a +0 pair of boots (worn)
 F - a +1 buckler of protection (worn)
 U - +0 acid dragon scales
 V - a +0 cloak (worn)
Magical Staves
 x - a staff of air
Jewellery
 c - a ring of ice
 q - a ring of magical power (left claw)
 J - an amulet of regeneration (around neck)
 N - an amulet of reflection
 W - a +6 ring of intelligence (right claw)
 Y - a ring of protection from fire
 Z - a ring of flight
Wands
 d - a wand of acid (14)
 f - a wand of mindburst (18)
 v - a wand of polymorph (19)
 Q - a wand of paralysis (7)
Scrolls
 e - a scroll of blinking {unknown}
 g - 3 scrolls of brand weapon
 h - 3 scrolls of fear
 i - 3 scrolls of vulnerability {unknown}
 k - a scroll of summoning {unknown}
 p - 3 scrolls of teleportation
 r - 5 scrolls of identify {unknown}
 y - 4 scrolls of enchant weapon {unknown}
 H - a scroll of fog {unknown}
 L - 2 scrolls of magic mapping {unknown}
 O - a scroll of amnesia {unknown}
 X - 2 scrolls of immolation {unknown}
Potions
 b - 9 potions of heal wounds {unknown}
 j - a potion of brilliance
 o - 4 potions of might
 t - 2 potions of berserk rage {unknown}
 u - 5 potions of curing {unknown}
 w - 2 potions of lignification {unknown}
 z - 4 potions of flight
 A - a potion of invisibility {unknown}
 C - a potion of mutation {unknown}
 D - a potion of ambrosia {unknown}
 E - 2 potions of haste {unknown}
 I - 2 potions of resistance {unknown}
 S - a potion of magic {unknown}
 T - 2 potions of cancellation {unknown}
Miscellaneous
 m - a tin of tremorstones (2/2)
 M - a box of beasts


   Skills:
 + Level 3.8 Fighting
 + Level 3.3 Armour
 + Level 4.3 Dodging
 - Level 2.0 Stealth
 + Level 0.8 Shields
 + Level 11.1 Spellcasting
 * Level 14.7 Conjurations
 + Level 10.4 Fire Magic
 - Level 3.0 Air Magic
 + Level 1.3 Invocations
 + Level 0.2 Evocations


You had 14 spell levels left.
You knew the following spells:

 Your Spells              Type           Power      Damage    Failure   Level
a - Foxfire               Conj/Fire      100%       2x1d9     1%          1
b - Sticky Flame          Conj/Fire      70%        2d8       1%          4
c - Fireball              Conj/Fire      35%        3d15      1%          5
d - Lightning Bolt        Conj/Air       29%        1d45      6%          5
e - Iskenderun's Battles  Conj           76%        2d12      1%          5

Your spell library contained the following spells:

 Spells                   Type           Power      Damage    Failure   Level
 Shock                    Conj/Air       100%       1d9       1%          1
 Static Discharge         Conj/Air       58%        N/A       1%          2
 Conjure Flame            Conj/Fire      70%        6-21      1%          3
 Inner Flame              Hex/Fire       43%        N/A       2%          3
 Iskenderun's Mystic Bla  Conj/Tloc      53%        2d11      4%          4
 Pain                     Necr           60%        1d7       9%          1
 Summon Small Mammal      Summ           60%        N/A       9%          1
 Slow                     Hex            15%        N/A       12%         2
 Sublimation of Blood     Necr           7%         N/A       12%         2
 Wereblood                Tmut           15%        N/A       12%         2
 Orb of Destruction       Conj           38%        9d13      16%         7
 Call Canine Familiar     Summ           15%        N/A       24%         3
 Confusing Touch          Hex            15%        N/A       24%         3
 Ozocubu's Armour         Ice            15%        N/A       24%         3
 Portal Projectile        Hex/Tloc       30%        N/A       24%         3
 Summon Guardian Golem    Hex/Summ       15%        N/A       24%         3
 Conjure Ball Lightning   Conj/Air       29%        3x3d8     32%         6
 Animate Armour           Summ/Erth      30%        N/A       63%         4
 Agony                    Necr           15%        N/A       92%         5
 Blade Hands              Tmut           7%         N/A       92%         5
 Excruciating Wounds      Necr           7%         N/A       92%         5
 Yara's Violent Unravell  Hex/Tmut       7%         3d5       92%         5
 Haunt                    Necr/Summ      7%         N/A       100%        7
 Ozocubu's Refrigeration  Ice            7%         4d6       100%        7
 Summon Hydra             Summ           7%         N/A       100%        7
 Maxwell's Capacitive Co  Air            15%        ∞         100%        8


Dungeon Overview and Level Annotations

Branches:
Dungeon (15/15)            Temple (1/1) D:5            Lair (0/6) D:11
    Orc (0/2) D:11         Vaults (0/5) D:14          Sewer (visited)
 Depths: D:15

Altars:
Ashenzari
Cheibriados
Elyvilon
Fedhas
Gozag
Hepliaklqana
Kikubaaqudgha
Okawaru
Qazlal
Sif Muna
Trog
Uskayaw
Vehumet
Wu Jian
Xom
Zin
The Shining One

Shops:
D:6 [   D:8 [   D:9 :   D:11 [

Portals:
Trove: D:14 (give 7 potions of haste)

Annotations:
D:4 3 runed translucent doors, JerBear56's ghost, amateur GnDe; Sin92's ghost, amateur DsFi; pikapanic92's ghost, amateur PaFi
D:14 1 runed translucent door
D:15 Jorgrun; Rupert


Innate Abilities, Weirdness & Mutations

You have claws for hands.
You regenerate health from kills.
You are mostly covered in razor-sharp scales. (AC +2, Slay +2)
Spells you cast may paralyse adjacent enemies.


Message History

Rupert yells loudly at you.
You struggle to resist.
Jorgrun hits you but does no damage.
A tengu warrior comes into view. It is wielding a +0 great sword.
The purple ugly thing claws you but does no damage.
Rupert asks, "You're a monster, aren't you?"
Jorgrun hits you with a +0 vorpal quarterstaff!
A purple ugly thing comes into view.
The purple ugly thing claws you. Rupert roars wildly at you.
You struggle to resist.
Jorgrun gestures at you while chanting. The iron shot hits you!!!
The purple ugly thing enters a dispersal trap!
The tengu warrior blinks!
The purple ugly thing blinks! x2; Jorgrun blinks!
You blink.
The purple ugly thing blinks!
A purple ugly thing comes into view. x2
The purple ugly thing gurgles horribly!
Jorgrun is no longer covered in acid.
The purple ugly thing basks in the mutagenic energy from its kin and changes!
The purple ugly thing basks in the mutagenic energy from its kin and changes! x3
You hear a grinding noise.
The cyan ugly thing barely misses you.
You turn to flesh and can move again.
Unknown command.
As you read the scroll of teleportation, it crumbles to dust.
You feel strangely unstable.
Jorgrun points next to Rupert and mumbles some strange words.
Some rock shatters into small pieces.
The white ugly thing bites you! The white ugly thing freezes you! You resist.
Rupert roars wildly at you.
You are confused.
The white ugly thing stings you but does no damage.
The cyan ugly thing basks in the mutagenic energy from its kin and changes!
The cyan ugly thing tentacle-slaps you but does no damage.
Rupert hits you with a +0 vorpal triple sword!
Unknown command.
The purple ugly thing basks in the mutagenic energy from its kin and changes!
Jorgrun gestures at you while chanting. The iron shot hits you!!!
You die...

.######.######.#.#
.................#
.######.####.#####
#........Q..
########.........
.......u...######
#....uu@......
#######u.g......
.......@.u...^.#
##########......
#$##.# .# # #


You could see Rupert, Jorgrun and 5 ugly things.

Vanquished Creatures
  A hydra (D:12)
  A rakshasa (D:14)
  Harold (D:7)
  2 boulder beetles (D:12)
  2 dancing weapons (D:14)
  A two-headed ogre (D:14)
  4 centaur warriors
  2 tengu warriors
  Urug (D:10)
  3 deep elf pyromancers
  Pikel (D:7)
  An orc knight (D:15)
  A wolf spider (D:14)
  3 cyclopes
  12 ugly things
  3 manticores
  Maurice (D:11)
  An elephant (D:11)
  2 kobold demonologists (D:9)
  An unseen horror (D:13)
  5 yaktaurs (D:15)
  An efreet (D:14)
  A tengu conjurer (D:13)
  3 meliai (D:14)
  Grinder (Sewer)
  4 trolls
  A hornet (D:10)
  8 slime creatures
  Sigmund (D:3)
  A shadow (D:9)
  3 wyverns
  A vampire (D:13)
  A redback (shapeshifter) (D:14)
  A water elemental (D:11)
  A hog (shapeshifter) (D:14)
  2 wraiths
  3 basilisks (D:11)
  A steam dragon (D:9)
  15 yaks
  A human (shapeshifter) (D:13)
  4 vampire mosquitoes (D:11)
  2 acid dragons (D:11)
  2 water moccasins
  10 orc warriors
  2 sky beasts
  2 ogres
  3 necrophages
  A phantom (Sewer)
  12 centaurs
  A lemure (D:7)
  4 kobold brigands
  Blork the orc (D:4)
  3 scorpions (D:6)
  2 bullfrogs
  2 gnoll sergeants
  2 water moccasin zombies
  17 wights
  4 howler monkeys
  4 electric eels
  2 bullfrog zombies (D:6)
  2 centaur zombies
  3 jellies
  A centaur skeleton (D:5)
  A gnoll shaman (D:5)
  7 orc priests
  3 hounds
  2 bullfrog skeletons
  4 iguanas
  10 orc wizards
  A killer bee zombie (D:7)
  14 gnolls
  9 adders
  3 shadow imps (Sewer)
  A white imp (D:7)
  4 ufetubi
  6 worms
  41 orcs
  13 bats
  10 endoplasms
  4 giant cockroaches
  5 goblins
  7 hobgoblins
  10 jackals
  32 kobolds
  2 quokkas (D:2)
  7 ball pythons
  4 frilled lizards
  A kobold zombie (Sewer)
  4 rats
390 creatures vanquished.

Vanquished Creatures (collateral kills)
  A foxfire (D:1)
1 creature vanquished.

Vanquished Creatures (others)
  An orc wizard (D:7)
  1164 foxfires
  A fungus (D:11)
  4 withered plants (D:4)
1170 creatures vanquished.

Grand Total: 1561 creatures vanquished

Notes
Turn   | Place    | Note
-------+----------+-------------------------------------------
     0 | D:1      | rogsnak the Demonspawn Fire Elementalist began the quest
                  | for the Orb.
     0 | D:1      | Reached XP level 1. HP: 13/13 MP: 3/3
   397 | D:1      | Gained mutation: You are partially covered in razor-sharp
                  | scales. (AC +1, Slay +1) [demonic ancestry]
   397 | D:1      | Reached XP level 2. HP: 12/19 MP: 3/5
  1125 | D:1      | Reached skill level 2 in Conjurations
  1179 | D:1      | Reached XP level 3. HP: 23/24 MP: 4/6
  1759 | D:2      | Gained mutation: You have sharp fingernails. [demonic
                  | ancestry]
  1759 | D:2      | Reached XP level 4. HP: 30/30 MP: 4/7
  2155 | D:2      | Noticed a necrophage
  2162 | D:2      | Killed a necrophage
  2163 | D:2      | Reached skill level 3 in Conjurations
  2163 | D:2      | Reached XP level 5. HP: 35/35 MP: 0/9
  2604 | D:2      | Learned a level 4 spell: Sticky Flame
  2610 | D:2      | Learned a level 5 spell: Fireball
  3001 | D:3      | Found a glowing drain.
  3065 | Sewer    | Entered a sewer
  3310 | Sewer    | Gained mutation: You have very sharp fingernails. [demonic
                  | ancestry]
  3310 | Sewer    | Reached XP level 6. HP: 42/42 MP: 3/10
  3376 | Sewer    | Found an ancient bone altar of Kikubaaqudgha.
  3393 | Sewer    | Reached skill level 4 in Conjurations
  3498 | Sewer    | Noticed Grinder
  3574 | Sewer    | Killed Grinder
  3575 | Sewer    | Gained mutation: Spells you cast may paralyse adjacent
                  | enemies. [demonic ancestry]
  3575 | Sewer    | Reached XP level 7. HP: 35/47 MP: 7/12
  3680 | Sewer    | Reached skill level 5 in Conjurations
  3937 | D:3      | Noticed Sigmund
  4285 | D:3      | Killed Sigmund
  4412 | D:3      | Found a faded altar of an unknown god.
  4622 | D:4      | Noticed Blork the orc
  4774 | D:4      | Killed Blork the orc
  4928 | D:4      | Found a runed translucent gate.
  4929 | D:4      | Found a runed translucent gate.
  4931 | D:4      | Found a runed translucent gate.
  4932 | D:4      | Noticed Sin92's ghost (amateur DsFi)
  4932 | D:4      | Noticed pikapanic92's ghost (amateur PaFi)
  4933 | D:4      | Noticed JerBear56's ghost (amateur GnDe)
  5502 | D:5      | Entered Level 5 of the Dungeon
  5507 | D:5      | Gained mutation: You regenerate a little health from kills.
                  | [demonic ancestry]
  5507 | D:5      | Reached XP level 8. HP: 53/53 MP: 14/14
  5753 | D:5      | Reached skill level 5 in Fire Magic
  5774 | D:5      | Found a staircase to the Ecumenical Temple.
  5792 | Temple   | Entered the Ecumenical Temple
  5982 | Temple   | Became a worshipper of Sif Muna the Loreminder
  6100 | D:5      | Reached skill level 6 in Conjurations
  6289 | D:5      | Reached skill level 1 in Fighting
  6652 | D:5      | Reached skill level 5 in Spellcasting
  6757 | D:5      | Reached skill level 7 in Conjurations
  7180 | D:6      | Found Feug's Antique Armour Emporium.
  7300 | D:6      | Gained mutation: You have claws for hands. [demonic
                  | ancestry]
  7300 | D:6      | Reached XP level 9. HP: 52/61 MP: 17/17
  7555 | D:6      | Reached * piety under Sif Muna
  7997 | D:6      | Reached skill level 8 in Conjurations
  8303 | D:7      | Reached skill level 1 in Invocations
  8457 | D:7      | Noticed Pikel
  8463 | D:7      | Killed Pikel
  8697 | D:7      | Identified the +12 short sword "Demonspawn's Doom"
                  | {protect, rC+}
  8831 | D:7      | Noticed Harold
  8848 | D:7      | Killed Harold
  8849 | D:7      | Reached skill level 9 in Conjurations
  8849 | D:7      | Reached XP level 10. HP: 7/68 MP: 20/20
  9792 | D:8      | Noticed a +0 short sword
  9792 | D:8      | Noticed a +0 dagger
  9793 | D:8      | Noticed a +0 falchion
  9796 | D:8      | Noticed a +0 spear
  9797 | D:8      | Noticed a +0 falchion
  9797 | D:8      | Noticed a +0 dagger
  9798 | D:8      | Noticed a +0 spear
  9798 | D:8      | Noticed a +0 short sword
  9800 | D:8      | Found a hide-covered altar of Uskayaw.
 10444 | D:8      | Found Qozed's Armour Emporium.
 10894 | D:9      | Reached ** piety under Sif Muna
 10924 | D:9      | Reached skill level 10 in Conjurations
 11282 | D:9      | Found Eliss's Book Emporium.
 11516 | D:9      | Learned a level 5 spell: Lightning Bolt
 12174 | D:10     | Entered Level 10 of the Dungeon
 12645 | D:10     | Noticed Urug
 12662 | D:10     | Reached XP level 11. HP: 75/75 MP: 17/23
 12815 | D:10     | Killed Urug
 12816 | D:10     | Reached skill level 11 in Conjurations
 13873 | D:11     | Found a staircase to the Lair.
 13924 | D:11     | Reached *** piety under Sif Muna
 14105 | D:11     | Learned a level 5 spell: Iskenderun's Battlesphere
 14318 | D:11     | Found Ehufilam's Armour Boutique.
 14351 | D:11     | Reached skill level 1 in Air Magic
 14366 | D:11     | Noticed a green ugly thing
 15086 | D:11     | Found a staircase to the Orcish Mines.
 15227 | D:11     | Noticed Maurice
 15233 | D:11     | Killed Maurice
 15286 | D:11     | Killed a green ugly thing
 15287 | D:11     | Reached skill level 12 in Conjurations
 15695 | D:12     | Noticed a boulder beetle
 15711 | D:12     | Killed a boulder beetle
 15909 | D:12     | Noticed a deep elf pyromancer
 15914 | D:12     | Killed a deep elf pyromancer
 16348 | D:12     | Noticed a deep elf pyromancer
 16351 | D:12     | Killed a deep elf pyromancer
 16432 | D:12     | Gained mutation: You are mostly covered in razor-sharp
                  | scales. (AC +2, Slay +2) [demonic ancestry]
 16432 | D:12     | Reached XP level 12. HP: 83/83 MP: 17/25
 16553 | D:12     | Reached **** piety under Sif Muna
 16724 | D:12     | Noticed a boulder beetle
 16738 | D:12     | Killed a boulder beetle
 16921 | D:12     | Noticed a five-headed hydra
 16938 | D:12     | Killed a five-headed hydra
 17211 | D:13     | Reached skill level 1 in Armour
 17215 | D:13     | Noticed a tengu warrior
 17218 | D:13     | Killed a tengu warrior
 17799 | D:13     | Noticed a centaur warrior
 17805 | D:13     | Killed a centaur warrior
 17890 | D:13     | Reached skill level 10 in Spellcasting
 17903 | D:13     | Reached skill level 13 in Conjurations
 18208 | D:13     | Noticed a four-headed hydra
 18216 | D:13     | Noticed a centaur warrior
 18222 | D:13     | Killed a centaur warrior
 19169 | D:14     | Found a gate to the Vaults.
 19174 | D:14     | Gained mutation: You regenerate health from kills. [demonic
                  | ancestry]
 19174 | D:14     | Reached XP level 13. HP: 70/88 MP: 12/27
 19362 | D:14     | Reached skill level 14 in Conjurations
 19364 | D:14     | Reached skill level 10 in Fire Magic
 19852 | D:14     | Found a portal to a secret trove of treasure.
 19854 | D:14     | Found a runed translucent door.
 19855 | D:14     | Noticed a fire giant
 19855 | D:14     | Noticed a frost giant
 20162 | D:14     | Reached ***** piety under Sif Muna
 20712 | D:14     | Noticed a bunyip
 20718 | D:15     | Entered Level 15 of the Dungeon
 20739 | D:15     | Received a gift from Sif Muna
 20754 | D:15     | Got Sif Muna's Volume of Hurtful Companions {god gift}
 21230 | D:15     | Noticed Jorgrun
 21234 | D:15     | Noticed Rupert
 21236 | D:15     | Paralysed by Rupert for 6 turns
 21246 | D:15     | Killed from afar by Jorgrun

Illustrated notes

Levels and vault maps discovered:
D:1:      erik_arrival_blinker_ship, layout_loops_ring, minmay_hedge_maze
D:2:      layout_basic, hex_tiny, minmay_split_cup_small
D:3:      layout_rooms, portal_sewer_entry_a, shapermc_ecumenical_altar_petra,
          uniq_sigmund
D:4:      layout_loops_corners, gammafunk_ghost_cemetery, uniq_blork_the_orc,
          uniq_grinder
D:5:      layout_loops_ring, minmay_temple_entry_waves, minmay_statues_item
D:6:      layout_basic, serial_shops, shop, dk_vineyard_3, minmay_door_square
D:7:      layout_loops_ring, chequers_serial_rivers_micro_e, uniq_pikel,
          uniq_harold
D:8:      layout_loops_corners, nicolae_uskayaw_en_pointe, serial_shops, shop
D:9:      layout_loops_corners, serial_shops, shop, nicolae_water_bricks,
          library_closet, minmay_misc_feat_chi, dk_rats_in_the_wall
D:10:     layout_layer_cave, minivault_1, minivault_25, uniq_urug
D:11:     layout_stronghold, david_lair_generic, erik_orc_2, serial_shops,
          shop_statue, uniq_maurice
D:12:     layout_stronghold
D:13:     layout_gridville
D:14:     layout_stronghold, erik_vaults_1, nicolae_trove_entry_free_sample,
          kennysheep_treasure_room
D:15:     grunt_enter_depths_hoard, layout_basic, chequers_serial_rivers_room_b,
          uniq_jorgrun, uniq_rupert
Temple:   minmay_crystal_snake_temple

Skill      XL: |  1  2  3  4  5  6  7  8  9 10 11 12 13 |
---------------+----------------------------------------+-----
Dodging        | 2 3 4 |  4.3
Fire Magic     | 3 4 5 7 9 10 | 10.4
Conjurations   | 2 3 4 5 7 9 10 12 13 14 | 14.7
Spellcasting   | 3 4 5 7 8 9 10 11 | 11.1
Fighting       | 1 2 3 |  3.8
Stealth        | 2 |  2.0
Invocations    | 1 |  1.3
Air Magic      | 2 3 |  3.0
Armour         | 2 3 |  3.3
Shields        | |  0.8
Evocations     | |  0.2

Action                   |  1- 3 |  4- 6 |  7- 9 | 10-12 | 13-15 || total
-------------------------+-------+-------+-------+-------+-------++-------
Melee: Unarmed           |     5 |       |       |       |       ||     5
       Dagger            |    12 |     4 |    61 |       |       ||    77
       Rapier            |    11 |    40 |       |       |       ||    51
       Long sword        |       |       |    22 |       |       ||    22
       Short sword       |       |       |     7 |    76 |       ||    83
 Cast: Foxfire           |    50 |   100 |   225 |   291 |    40 ||   706
       Sticky Flame      |       |     1 |    16 |    51 |     5 ||    73
       Fireball          |       |       |     2 |    89 |    32 ||   123
       Iskenderun's Batt |       |       |       |    47 |    17 ||    64
       Lightning Bolt    |       |       |       |     2 |     2 ||     4
Invok: Channel Magic     |       |       |     1 |       |       ||     1
Evoke: Wand              |       |       |     2 |     1 |     2 ||     5
       Box of beasts     |       |       |       |       |     1 ||     1
  Use: Potion            |       |       |     3 |       |       ||     3
       Scroll            |       |       |       |     4 |     1 ||     5
 Stab: Sleeping          |     2 |     3 |     3 |       |       ||     8
       Paralysed         |       |       |    11 |    23 |       ||    34
Armor: Robe              |    12 |    17 |    20 |    18 |       ||    67
       Acid dragon scale |       |       |       |    10 |     3 ||    13
       Troll leather arm |       |       |       |       |     6 ||     6
Dodge: Dodged            |    30 |    32 |    81 |    48 |     4 ||   195
Block: Buckler           |       |       |       |     5 |     4 ||     9
       Rpst.: Long sword |       |       |     5 |       |       ||     5
